 Dungeon Crawl Stone Soup version 0.25-a0-576-g50b708a4c4 (webtiles) character file.

Game seed: 56105202998267390, levelgen mode: deterministic

570 Eurus the Conjurer (level 7, -2/46 HPs)
             Began as a Mummy Conjurer on Mar 1, 2020.
             Slain by an ogre
             ... wielding a +0 giant spiked club
              (20 damage)
             ... on level 4 of the Dungeon.
             The game lasted 00:11:23 (4831 turns).

Eurus the Conjurer (Mummy Conjurer)                 Turns: 4831, Time: 00:11:23

Health: -2/46      AC:  5    Str: 11    XL:     7   Next: 11%
Magic:  9/15       EV: 12    Int: 16    God:
Gold:   141        SH:  0    Dex: 13    Spells: 14/17 levels left

rFire    x . .     SeeInvis .   e - +2 dagger (speed)
rCold    + . .     Gourm    .   (no shield)
rNeg     + + +     Faith    .   h - +2 animal skin
rPois    ∞         Spirit   .   i - +0 helmet
rElec    .         Reflect  .   (no cloak)
rCorr    .         Harm     .   (no gloves)
MR       .....                  (no boots)
Stlth    ++........             (no amulet)
HPRegen  0.15/turn              (no ring)
MPRegen  0.14/turn              (no ring)

@: very slightly contaminated
A: no food or potions, fire vulnerability, cold resistance 1, negative energy
resistance 3, torment resistance, unbreathing
a: no special abilities


You were on level 4 of the Dungeon.
You were not hungry.

You visited 1 branch of the dungeon, and saw 4 of its levels.

You collected 141 gold pieces.

Inventory:

Hand Weapons
 e - a +2 dagger of speed (weapon)
 f - a +2 dagger of flaming
Armour
 c - a +1 hat
 h - a +2 animal skin (worn)
 i - a +0 helmet (worn)
 k - a +0 kite shield
 m - a +2 robe of magic resistance
Scrolls
 a - a scroll of identify {unknown}
 b - a scroll of enchant armour {unknown}
 d - a scroll of enchant weapon {unknown}
 g - a scroll of amnesia {unknown}
 j - a scroll of blinking {unknown}
 l - a scroll of remove curse {unknown}
 n - a scroll of fog {unknown}
 o - a scroll of teleportation {unknown}


   Skills:
 - Level 1.5 Dodging
 - Level 1.5 Stealth
 + Level 1.3 Shields
 + Level 5.6 Spellcasting
 * Level 6.0 Conjurations


You had 14 spell levels left.
You knew the following spells:

 Your Spells              Type           Power        Failure   Level  Hunger
a - Magic Dart            Conj           ###.         1%          1    N/A
b - Searing Ray           Conj           ###...       1%          2    N/A

Your spell library contained the following spells:

 Spells                   Type           Power        Failure   Level  Hunger
 Dazzling Flash           Conj/Hex       ##....       12%         3    N/A
 Fulminant Prism          Conj/Hex       ##........   38%         4    N/A
 Iskenderun's Mystic Bla  Conj/Tloc      ##......     38%         4    N/A

Dungeon Overview and Level Annotations

Branches:
Dungeon (4/15)
 Temple: D:4-7

Altars:
Okawaru
Ru
Uskayaw
Wu Jian
The Shining One

Annotations:
D:4 3 runed translucent doors, Edmund; terminal's ghost, amateur GrFi


Innate Abilities, Weirdness & Mutations

You do not eat or drink.
Your flesh is vulnerable to fire.
You are immune to poison.
Your flesh is cold resistant. (rC+)
You are immune to negative energy. (rN+++)
You are immune to unholy pain and torment.
You can survive without breathing.


Message History

You miscast Searing Ray.
You are very lightly contaminated with residual magic.
You are momentarily dazzled by a flash of light!
The ogre barely misses you.
Casting: Searing Ray (safe; 1% risk of failure)
Confirm with . or Enter, or press ? or * to list all spells.
Aiming: Searing Ray (safe; 1% risk of failure)
Press: ? - help, Shift-Dir - straight line, f/p - ogre
Aim: an ogre, wielding a +0 giant spiked club The searing ray hits the ogre!
The ogre is moderately wounded. (Press . to maintain the ray.)
The searing ray hits the ogre.
The ogre is heavily wounded.
The ogre hits you with a +0 giant spiked club!!
Ouch! That really hurt!
The searing ray hits the ogre!
The ogre is almost dead.
The ogre hits you with a +0 giant spiked club!!
You die...

#...........## #...>.(..
##.####.....## ##.......
#..# #####..# ##......
#.## ###.## ###.... ###
###....## #####
###.......##
###..........##
###.............##########
#........@O.......##.....#
#.............###........#
##...........###
##.......# #.............#
##......# #.............#
##.....# #..(..........#
##....# #.....).......#
###..8 #.............#
##.. #.............# ###.


You could see an ogre.

Vanquished Creatures
  An ogre (D:4)
  An orc wizard (D:2)
  3 orc priests
  A bullfrog skeleton (D:4)
  A hound (D:4)
  Ijyb (D:3)
  Natasha (thrice) (D:3)
  A worker ant (D:4)
  Robin (D:2)
  5 adders
  2 oozes (D:3)
  3 worms (D:2)
  3 dart slugs
  2 leopard geckos (D:2)
  15 orcs
  A ball python (D:2)
  5 bats
  8 giant cockroaches
  14 goblins
  10 hobgoblins
  5 jackals
  3 quokkas
  3 frilled lizards
  A jackal skeleton (D:4)
  5 kobolds
  8 rats
106 creatures vanquished.

Notes
Turn   | Place    | Note
-------+----------+-------------------------------------------
     0 | D:1      | Eurus the Mummy Conjurer began the quest for the Orb.
     0 | D:1      | Reached XP level 1. HP: 13/13 MP: 4/4
   348 | D:1      | Reached XP level 2. HP: 19/19 MP: 3/6
   352 | D:1      | Learned a level 2 spell: Searing Ray
   960 | D:2      | Reached XP level 3. HP: 24/24 MP: 4/7
  1008 | D:2      | Reached skill level 4 in Conjurations
  1449 | D:2      | Found a glowing golden altar of the Shining One.
  1648 | D:2      | Found a hide-covered altar of Uskayaw.
  1648 | D:2      | Found an ornate altar of the Wu Jian Council.
  1680 | D:2      | Reached XP level 4. HP: 30/30 MP: 4/9
  1771 | D:2      | Found an iron altar of Okawaru.
  2008 | D:2      | Found a sacrificial altar of Ru.
  2551 | D:3      | Found a glowing golden altar of the Shining One.
  2583 | D:3      | Noticed Ijyb
  2711 | D:2      | Reached XP level 5. HP: 12/35 MP: 7/11
  2821 | D:2      | Noticed Robin
  2838 | D:2      | Killed Robin
  3115 | D:3      | Killed Ijyb
  3188 | D:3      | Reached skill level 5 in Conjurations
  3475 | D:3      | Noticed Natasha
  3484 | D:3      | Killed Natasha
  3534 | D:3      | Noticed Natasha
  3539 | D:3      | Killed Natasha
  3539 | D:3      | Reached XP level 6. HP: 30/41 MP: 7/13
  3765 | D:3      | Noticed Natasha
  3770 | D:3      | Killed Natasha
  3770 | D:3      | Reached skill level 5 in Spellcasting
  3885 | D:4      | Noticed Edmund
  4669 | D:4      | Reached skill level 1 in Shields
  4669 | D:4      | Reached skill level 6 in Conjurations
  4669 | D:4      | Reached XP level 7. HP: 46/46 MP: 11/15
  4801 | D:4      | Found a runed translucent gate.
  4801 | D:4      | Noticed terminal's ghost (amateur GrFi)
  4802 | D:4      | Found a runed translucent gate.
  4803 | D:4      | Found a runed translucent gate.
  4831 | D:4      | Slain by an ogre

Levels and vault maps discovered:
D:1:      minmay_arrival_diagonal_passages, layout_rooms, minivault_27
D:2:      layout_loops_corners, nicolae_ru_great_annihilating_truth,
          lemuel_round_altar, chequers_temple_overflow_statue_of_worship,
          okawaru_ov_weapons_minmay, uniq_robin
D:3:      layout_rooms, tso_altar, uniq_ijyb, uniq_natasha
D:4:      layout_cave_pods, biasface_ghost_orc_armoury, first_ration,
          minmay_bisected, uniq_edmund

Skill      XL: |  1  2  3  4  5  6 |
---------------+-------------------+-----
Spellcasting   | 3 4 5 |  5.6
Conjurations   | 4 5 6 |  6.0
Shields        | 1 |  1.3
Dodging        | |  1.5
Stealth        | |  1.5

Action                   |  1- 3 |  4- 6 |  7- 9 || total
-------------------------+-------+-------+-------++-------
Melee: Unarmed           |    10 |       |       ||    10
       Dagger            |    14 |   141 |       ||   155
 Cast: Magic Dart        |    64 |    74 |     1 ||   139
       Searing Ray       |     4 |    23 |     3 ||    30
 Stab: Sleeping          |     1 |     1 |       ||     2
Armor: Robe              |     5 |     4 |       ||     9
       Animal skin       |       |    13 |     1 ||    14
Dodge: Dodged            |    24 |    81 |     3 ||   108

Table legend:
 A = Non-vault XP
 B = Vault XP
 C = Vault XP percentage of total XP
 D = Non-vault monster count
 E = Vault monster count
 F = Vault count percentage of total count
                 A         B        C        D         E       F
            +---------+---------+-------+---------+---------+-------
      Total |     647 |     168 |  20.6 |      88 |      18 |  17.0
            +---------+---------+-------+---------+---------+-------
        D:1 |      37 |       0 |   0.0 |      20 |       0 |   0.0
        D:2 |      78 |      97 |  55.4 |      21 |      16 |  43.2
        D:3 |     160 |      71 |  30.7 |      22 |       2 |   8.3
        D:4 |     372 |       0 |   0.0 |      25 |       0 |   0.0
            +---------+---------+-------+---------+---------+-------
